 Dungeon Crawl Stone Soup version 0.31-a0-221-gbddc013574 (webtiles) character file.

Game seed: 16356869902314970772

6903 Ijustatesigmund the Tainter (level 11, 0/70 HPs)
             Began as an Octopode Venom Mage on July 4, 2023.
             Was a Believer of Vehumet.
             Slain by a vampire
             ... wielding a +0 dagger
              (2 damage)
             ... on level 9 of the Dungeon.
             The game lasted 00:24:31 (13500 turns).

Ijustatesigmund the Tainter (Octopode Venom Mage)  Turns: 13500, Time: 00:24:32

Health: 0/70       AC:  2    Str:  7    XL:     11   Next: 6%
Magic:  30/30      EV: 13    Int: 23    God:    Vehumet [**....]
Gold:   293        SH:  5    Dex: 12    Spells: 14/24 levels left

rFire   . . .        d - +4 trident (protect)
rCold   . . .        (no shield)
rNeg    . . .        (helmet restricted)
rPois   +            h - amulet of reflection
rElec   .            p - ring of poison resistance
rCorr   .            m - ring of magical power
SInv    .            (no ring)
Will    .....        (no ring)
Stlth   +++          (no ring)
HPRegen 0.31/turn    (no ring)
MPRegen 0.22/turn    (no ring)
                     (no ring)

%: reflection
@: no status effects
A: almost no armour, amphibious, 8 rings, camouflage 1, gelatinous body 1,
(nimble swimmer 1), tentacles, tentacle spike 1, shaggy fur 1
a: Renounce Religion


You were on level 9 of the Dungeon.
You worshipped Vehumet.
Vehumet was pleased with you.
You visited 2 branches of the dungeon, and saw 10 of its levels.
You also visited: Bailey.

You collected 533 gold pieces.
You spent 240 gold pieces at shops.

Inventory:

Hand Weapons
 d - a +4 trident of protection (weapon)
Missiles
 v - 8 throwing nets
Armour
 s - a +0 kite shield
Magical Staves
 y - a staff of conjuration
 A - a staff of poison
Jewellery
 h - an amulet of reflection (around mantle)
 m - a ring of magical power (right tentacle)
 p - a ring of poison resistance (left tentacle)
Wands
 f - a wand of polymorph (17)
 k - a wand of flame (27)
 l - a wand of roots (12)
 q - a wand of digging (9)
 t - a wand of charming (27)
Scrolls
 b - 5 scrolls of immolation
 g - 3 scrolls of poison
 u - a scroll of revelation
 w - 2 scrolls of fear
 x - a scroll of enchant weapon
 z - 2 scrolls of identify
Potions
 a - a potion of magic
 c - a potion of might
 i - 2 potions of resistance
 o - a potion of cancellation


   Skills:
 + Level 4.4 Fighting
 - Level 2.7 Polearms
 - Level 2.0 Dodging
 - Level 2.6 Stealth
 + Level 7.1 Spellcasting
 + Level 7.2 Conjurations
 - Level 1.0 Transmutations
 + Level 7.4 Air Magic
 + Level 9.8 Poison Magic
 - Level 5.0 Evocations


You had 14 spell levels left.
You knew the following spells:

 Your Spells              Type           Power      Damage    Failure   Level
a - Sting                 Tmut/Pois      100%       1d8       1%          1
b - Poisonous Vapours     Pois/Air       94%        N/A       1%          2
c - Mephitic Cloud        Conj/Pois/Air  45%        N/A       1%          3
d - Olgreb's Toxic Radia  Pois           52%        N/A       1%          4

Your spell library contained the following spells:

 Spells                   Type           Power      Damage    Failure   Level
 Scorch                   Fire           16%        2d6       12%         2
 Manifold Assault         Tloc           8%         N/A       58%         4
 Dispersal                Tloc           4%         N/A       100%        6
 Disjunction              Tloc           4%         N/A       100%        8


Dungeon Overview and Level Annotations

Branches:
Dungeon (9/15)             Temple (1/1) D:5            Lair (0/5) D:9
 Bailey (visited)
    Orc: D:9-12

Altars:
Cheibriados
Gozag
Makhleb
Nemelex Xobeh
Okawaru
Qazlal
Trog
Uskayaw
Vehumet
Wu Jian
Yredelemnul
Zin
The Shining One
Jiyva

Shops:
D:4 =

Annotations:
D:3 2 runed translucent doors, Olga's ghost, amateur SpHu
D:5 3 runed translucent doors, Pohedonas's ghost, novice MiFi


Innate Abilities, Weirdness & Mutations

You cannot wear most types of armour.
You are amphibious.
You can wear up to eight rings at the same time.
Your skin changes colour to match your surroundings (Stealth+).
Your rubbery body absorbs attacks. (AC +1, EV +1)
((You are camouflaged when in or above water. (Stealth+)))
You have tentacles for arms and can constrict up to eight enemies at once.
One of your tentacles bears a spike.
You are covered in fur. (AC +1)


Message History

Your tentacle spike misses the vampire.
You constrict the vampire, but do no damage.
The vampire closely misses you. The vampire bites you.
The vampire draws strength from your injuries!
The kobold brigand hits you with a +0 club.
You release your grip on the vampire.
The vampire hits you with a +0 dagger. The vampire closely misses you.
The kobold brigand hits you with a +0 club.
You barely miss the kobold brigand.
The kobold brigand is moderately wounded.
The vampire hits you with a +0 dagger.
The vampire bites you but does no damage.
The kobold brigand closely misses you. The vampire attacks as you move away!
The vampire hits you with a +0 dagger. The vampire barely misses you.
You bump into the rock wall.
The vampire hits you with a +0 dagger! The vampire misses you.
The kobold brigand misses you.
You miss the vampire.
Your tentacle spike misses the vampire.
Your squeeze misses the vampire.
You feel less confused.
You kill the iguana!
Vehumet accepts your kill. The vampire hits you with a +0 dagger!
You block the vampire's attack. You block the kobold brigand's attack.
The kobold brigand attacks as you move away!
The kobold brigand barely misses you. The vampire misses you.
The vampire barely misses you. The vampire attacks as you move away!
The vampire hits you with a +0 dagger!
* * * LOW HITPOINT WARNING * * *
The vampire bites you.
* * * LOW HITPOINT WARNING * * *
The vampire draws strength from your injuries!
The kobold brigand attacks as you move away!
The kobold brigand hits you with a +0 club.
* * * LOW HITPOINT WARNING * * *
Okay, then.
As you read the scroll of fear, it crumbles to dust.
You assume a fearsome visage.
The kobold brigand looks frightened!
The vampire is unaffected.
The vampire hits you with a +0 dagger.
You die...

......... ......).##
...P.).. ♣.....#
....# # #†.# .# #..#
#.# #.#####..##.#
#....††)KV@#
#######..##.#
.......†.# #.#
########.# .#
##############.###.#
...................#
###.################
###.# ....#


You could see a vampire and a kobold brigand (fleeing, poisoned).

Vanquished Creatures
  A hornet (D:8)
  Grinder (D:6)
  3 wyverns (D:9)
  A basilisk (D:9)
  12 yaks
  A steam dragon (D:7)
  Edmund (D:5)
  2 orc warriors
  4 ice beasts
  4 wolves (Bailey)
  4 ogres
  A phantom (D:4)
  5 bullfrogs
  2 kobold brigands
  8 gnoll sergeants (Bailey)
  4 scorpions
  A jelly (D:5)
  4 killer bees (D:8)
  3 orc priests
  6 hounds
  6 iguanas
  3 sleepcaps
  6 gnoll boudas (Bailey)
  7 orc wizards
  26 gnolls
  3 adders
  A shadow imp (D:6)
  A white imp (D:6)
  An ufetubus (D:6)
  5 worms
  21 orcs
  8 bats
  8 endoplasms
  4 giant cockroaches
  20 goblins
  7 hobgoblins
  6 jackals
  25 kobolds
  3 quokkas
  15 ball pythons
  6 frilled lizards
  A rat (D:2)
251 creatures vanquished.

Vanquished Creatures (collateral kills)
  An endoplasm (D:4)
1 creature vanquished.

Vanquished Creatures (others)
  A shadow imp (D:7)
1 creature vanquished.

Grand Total: 253 creatures vanquished

Notes
Turn   | Place    | Note
-------+----------+-------------------------------------------
     0 | D:1      | Ijustatesigmund the Octopode Venom Mage began the quest for
                  | the Orb.
     0 | D:1      | Reached XP level 1. HP: 11/11 MP: 3/3
   118 | D:1      | Found a faded altar of an unknown god.
   153 | D:1      | Reached XP level 2. HP: 18/18 MP: 5/5
   156 | D:1      | Learned a level 2 spell: Poisonous Vapours
   449 | D:1      | Reached skill level 1 in Fighting
   458 | D:1      | Reached skill level 4 in Poison Magic
   567 | D:1      | Reached XP level 3. HP: 21/23 MP: 3/6
   571 | D:1      | Learned a level 3 spell: Mephitic Cloud
   840 | D:2      | Reached skill level 1 in Air Magic
  1268 | D:2      | Reached XP level 4. HP: 15/28 MP: 4/7
  1533 | D:3      | Reached skill level 1 in Conjurations
  2340 | D:3      | Reached XP level 5. HP: 33/33 MP: 6/9
  2485 | D:3      | Found an ornate altar of the Wu Jian Council.
  2541 | D:3      | Found a large runed translucent door.
  2822 | D:3      | Learned a level 4 spell: Olgreb's Toxic Radiance
  2863 | D:3      | Found a large runed translucent door.
  2865 | D:3      | Noticed Olga's ghost (amateur SpHu)
  2953 | D:3      | Found a faded altar of an unknown god.
  2956 | D:3      | Found a snail-covered altar of Cheibriados.
  3062 | D:3      | Noticed an ogre
  3154 | D:3      | Killed an ogre
  3155 | D:3      | Reached skill level 5 in Poison Magic
  3155 | D:3      | Reached XP level 6. HP: 38/38 MP: 1/10
  3438 | D:4      | Found an iron altar of Okawaru.
  3602 | D:4      | Found a hide-covered altar of Uskayaw.
  4167 | D:4      | Reached XP level 7. HP: 12/43 MP: 12/12
  5283 | D:4      | Found Godwasm's Jewellery Emporium.
  5291 | D:4      | Bought a ring of magical power for 240 gold pieces
  5557 | D:5      | Entered Level 5 of the Dungeon
  5644 | D:5      | Reached skill level 6 in Poison Magic
  5789 | D:5      | Noticed Edmund
  5804 | D:5      | Killed Edmund
  5832 | D:5      | Gained mutation: You are covered in fur. (AC +1) [potion of
                  | mutation]
  5832 | D:5      | Gained mutation: One of your tentacles bears a spike.
                  | [potion of mutation]
  6310 | D:6      | Noticed Grinder
  6322 | D:6      | Reached XP level 8. HP: 42/48 MP: 14/14
  6322 | D:6      | Paralysed by Grinder for 4 turns
  6331 | D:6      | Killed Grinder
  7379 | D:5      | Reached skill level 1 in Polearms
  7695 | D:5      | Found a staircase to the Ecumenical Temple.
  7704 | Temple   | Entered the Ecumenical Temple
  7752 | Temple   | Became a worshipper of Vehumet
  7808 | D:5      | Found a runed translucent gate.
  7810 | D:5      | Found a runed translucent gate.
  7812 | D:5      | Found a runed translucent gate.
  7814 | D:5      | Noticed Pohedonas's ghost (novice MiFi)
  8848 | D:6      | Reached skill level 7 in Poison Magic
  8937 | D:6      | Reached skill level 1 in Evocations
  8937 | D:6      | Reached XP level 9. HP: 56/56 MP: 16/16
  8981 | D:6      | Reached skill level 5 in Spellcasting
  9212 | D:6      | Reached skill level 5 in Air Magic
  9408 | D:7      | Reached skill level 5 in Conjurations
 10132 | D:7      | Reached skill level 8 in Poison Magic
 10681 | D:8      | Noticed a hornet
 10686 | D:8      | Killed a hornet
 10687 | D:8      | Reached XP level 10. HP: 63/63 MP: 15/19
 10708 | D:8      | Reached * piety under Vehumet
 10708 | D:8      | Offered knowledge of Sandblast by Vehumet.
 10721 | D:8      | Found a flagged portal.
 10730 | Bailey   | Entered a bailey
 11515 | Bailey   | Reached skill level 9 in Poison Magic
 11515 | Bailey   | Reached skill level 5 in Evocations
 11591 | Bailey   | Reached ** piety under Vehumet
 11757 | Bailey   | Identified the scarf of Feutwis {harm, Rampage +Blink rF+++
                  | Int-3}
 11834 | D:9      | Offered knowledge of Momentum Strike by Vehumet.
 12882 | D:9      | Found a staircase to the Lair.
 13476 | D:9      | Reached XP level 11. HP: 56/69 MP: 21/21
 13489 | D:9      | Offered knowledge of Scorch by Vehumet.
 13499 | D:9      | HP: 2/70 [kobold brigand/+0 club (6)]
 13500 | D:9      | Slain by a vampire

Illustrated notes

Levels and vault maps discovered:
D:1:      sevenhm_arrival_forest_fort_small_1, layout_rooms,
          basic_ecumenical_altar
D:2:      layout_rooms
D:3:      layout_basic, nicolae_overflow_ecumenical_swirl,
          pdpol_wu_jian_five_deadly_venoms, ebering_ghost_disaster_area,
          minmay_ogre_servants
D:4:      layout_basic, lemuel_tele_altar, eat_drink_and_be_merry_uskayaw,
          serial_shops, shop
D:5:      layout_basic, minmay_temple_entry_glass, gammafunk_ghost_necromancy,
          uniq_edmund
D:6:      layout_loops_ring, nicolae_elevator_lobby_plus, uniq_grinder
D:7:      layout_loops_cross, chequers_mini_garden
D:8:      layout_cave_pools, ashenzari_altar_1, enter_bailey_5
D:9:      layout_loops_ring, minitemple, minmay_lair_entry_grove, serial_shops,
          nicolae_shop_just_a_little_nook, hangedman_glass_teeth
Temple:   pf_slimified_temple

Skill      XL: |  1  2  3  4  5  6  7  8  9 10 |
---------------+-------------------------------+-----
Fighting       | 1 3 4 |  4.4
Poison Magic   | 4 5 6 7 8 9 |  9.8
Air Magic      | 1 2 3 4 6 7 |  7.4
Conjurations   | 1 2 3 4 6 7 |  7.2
Spellcasting   | 3 4 6 7 |  7.1
Polearms       | 2 |  2.7
Evocations     | 1 4 5 |  5.0
Dodging        | |  2.0
Stealth        | |  2.6
Transmutations | |  1.0

Action                     |  1- 3 |  4- 6 |  7- 9 | 10-12 || total
---------------------------+-------+-------+-------+-------++-------
  Melee: Unarmed           |    13 |       |       |       ||    13
         Tentacles         |    14 |    23 |    54 |    16 ||   107
         Constrict         |    16 |    18 |    27 |    10 ||    71
         Short sword       |    16 |       |       |       ||    16
         Hand axe          |    50 |    18 |       |       ||    68
         Punch             |     1 |     3 |     3 |     1 ||     8
         Spear             |       |   101 |   197 |    34 ||   332
         Kick              |       |       |    46 |    24 ||    70
         Trident           |       |       |       |    57 ||    57
   Cast: Sting             |     9 |    11 |     7 |       ||    27
         Poisonous Vapours |    18 |    19 |    30 |    23 ||    90
         Mephitic Cloud    |       |     2 |     3 |    23 ||    28
         Olgreb's Toxic Ra |       |       |    16 |    21 ||    37
  Evoke: Wand              |       |     1 |     9 |       ||    10
    Use: Scroll            |       |     6 |    10 |     7 ||    23
         Potion            |       |     1 |     9 |     4 ||    14
   Stab: Sleeping          |     4 |     8 |     6 |       ||    18
         Confused          |       |       |     3 |     4 ||     7
 Armour: Skin              |     6 |     8 |    10 |    15 ||    39
  Dodge: Dodged            |    47 |    54 |    70 |    67 ||   238
  Block: Other             |     9 |    16 |    33 |    21 ||    79
         Reflection        |       |       |       |     2 ||     2

Table legend: (Time is in decaauts)
 A = Elapsed time spent in this place.
 B = Non-inter-level travel time spent in this place.
 C = Inter-level travel time spent in this place.
 D = Time resting spent in this place.
 E = Time spent auto-exploring this place.
 F = Levels seen in this place.
 G = Mean time per level.
                   A        B        C        D        E       F      G
               +--------+--------+--------+--------+--------+-----+--------+
         Total |  13551 |  13253 |    298 |   6824 |   4617 |  11 | 1231.9 |
       Dungeon |  12391 |  12111 |    280 |   6199 |   4414 |   9 | 1376.8 |
        Temple |     65 |     48 |     17 |      0 |     29 |   1 |   65.0 |
        Bailey |   1093 |   1093 |      0 |    625 |    174 |   1 | 1093.0 |
               +--------+--------+--------+--------+--------+-----+--------+

Top non-repeatable levels by time:
     D:4: 2150 daAuts
     D:6: 2141 daAuts
     D:9: 1659 daAuts
     D:5: 1603 daAuts
     D:2: 1487 daAuts
     D:7: 1316 daAuts
     D:3: 1275 daAuts
  Bailey: 1093 daAuts
     D:1: 679 daAuts
     D:8: 77 daAuts
  Temple: 65 daAuts
